 Dungeon Crawl Stone Soup version 0.27-a0-1374-gc14e5d3922 (webtiles) character file.

Game seed: 11726339947830388285

39 Lentor the Chopper (level 3, -2/34 HPs)
             Began as a Minotaur Berserker on June 29, 2021.
             Was a Believer of Trog.
             Slain by Terence (7 damage)
             ... on level 2 of the Dungeon.
             The game lasted 00:01:59 (993 turns).

Lentor the Chopper (Minotaur Berserker)              Turns: 993, Time: 00:01:59

Health: -2/34      AC:  4    Str: 22    XL:     3   Next: 26%
Magic:  2/2        EV: 12    Int:  4    God:    Trog [**....]
Gold:   40         SH:  0    Dex:  9    Spells: 2/2 levels left

rFire    . . .     SeeInvis .   a - +0 hand axe
rCold    . . .     Faith    .   (no shield)
rNeg     . . .     Spirit   .   d - +0 leather armour
rPois    .         Reflect  .   (helmet restricted)
rElec    .         Harm     .   (no cloak)
rCorr    .         Rampage  .   f - +0 pair of gloves
Will     .....                  (no boots)
Stlth    +.........             (no amulet)
HPRegen  0.11/turn              (no ring)
MPRegen  0.08/turn              (no ring)

@: no status effects
A: horns 2, retaliatory headbutt
a: Renounce Religion, Berserk, Trog's Hand


You were on level 2 of the Dungeon.
You worshipped Trog.
Trog was pleased with you.
You visited 1 branch of the dungeon, and saw 2 of its levels.

You collected 40 gold pieces.

Inventory:

Hand Weapons
 a - a +0 hand axe (weapon)
Missiles
 c - 83 stones
Armour
 b - a +0 animal skin
 d - a +0 leather armour (worn)
 f - a +0 pair of gloves (worn)
Jewellery
 g - an amulet of regeneration
Potions
 e - a potion of brilliance {unknown}


   Skills:
 + Level 4.3 Fighting
 + Level 4.3 Axes
 + Level 2.7 Armour
 + Level 2.5 Dodging


You had 2 spell levels left.
You didn't know any spells.
Your spell library was empty.

Dungeon Overview and Level Annotations

Branches:
Dungeon (2/15)

Altars:

Shops:
D:1 *

Annotations:
D:2 Terence


Innate Abilities, Weirdness & Mutations

You have a pair of horns on your head.
You reflexively headbutt those who attack you in melee.


Message History

Terence is heavily wounded.
Terence shouts, "Now you die!"
Terence drinks a potion.
Terence is healed!
You closely miss Terence.
Terence is lightly wounded.
Terence closely misses you. You furiously retaliate!
You headbutt Terence. You closely miss Terence. Your headbutt misses Terence.
Terence is moderately wounded.
Terence shouts, "Get ready for death!"
Terence barely misses you.
You hit Terence.
Terence is heavily wounded.
Terence misses you.
You barely miss Terence. You headbutt Terence, but do no damage.
Terence is heavily wounded.
Terence hits you with a +0 mace.
You barely miss Terence.
Terence is heavily wounded.
Terence hits you with a +0 mace.
You hit Terence but do no damage.
Terence is heavily wounded.
Terence misses you.
You hit Terence but do no damage. Your headbutt misses Terence.
Terence is heavily wounded.
Terence barely misses you. x2; You furiously retaliate!
You headbutt Terence. You hit Terence but do no damage.
Terence is severely wounded.
Terence closely misses you.
You hit Terence.
Terence is severely wounded.
Terence says, "Time to say good-bye..."
Terence hits you with a +0 mace!
* * * LOW HITPOINT WARNING * * *
You barely miss Terence. You headbutt Terence, but do no damage.
Terence is severely wounded.
Terence closely misses you.
You hit Terence.
Terence is almost dead.
Terence hits you with a +0 mace!
You die...

#... .###.#. ....... .......
#......# # . ..#....######.#
.## ......@.##....# #...
###.#..§@§§.#####.# #...
.#...#.#§§§§.......## ..#
#...##..§§§§.§........
.#####.........§§§§§#####.##
........ ....##.§†...#
.....# ###.....###.#
.(..#######...##§###.##
..(..................(..
#########...#.##..####.#


You could see Terence.

Vanquished Creatures
  A ball python (D:2)
  A bat skeleton (D:2)
  2 endoplasms (D:1)
  A hobgoblin (D:1)
  18 jackals
  A quokka (D:1)
  A ball python zombie (D:2)
  A bat (D:1)
  A frilled lizard (D:2)
  3 kobolds
  2 rats (D:1)
32 creatures vanquished.

Vanquished Creatures (others)
  3 withered plants (D:2)
3 creatures vanquished.

Grand Total: 35 creatures vanquished

Notes
Turn   | Place    | Note
-------+----------+-------------------------------------------
     0 | D:1      | Lentor the Minotaur Berserker began the quest for the Orb.
     0 | D:1      | Reached XP level 1. HP: 19/19 MP: 0/0
   533 | D:1      | Found Eclonor's Assorted Antiques.
   714 | D:1      | Found a faded altar of an unknown god.
   719 | D:1      | Reached XP level 2. HP: 27/27 MP: 1/1
   911 | D:2      | Reached XP level 3. HP: 33/33 MP: 2/2
   929 | D:2      | Reached ** piety under Trog
   972 | D:2      | Noticed Terence
   993 | D:2      | Slain by Terence

Illustrated notes

Levels and vault maps discovered:
D:1:      amcnicky_arrival_underground_garden, layout_basic, serial_shops,
          nicolae_shop_waterfront, ebering_ecumenical_altar_abandoned
D:2:      layout_rooms, basic_altar, serial_undead, serial_undead_b,
          serial_undead_c, serial_undead_c, serial_undead_a, uniq_terence

Skill      XL: |  1  2 |
---------------+-------+-----
Fighting       | 4 |  4.3
Axes           | 4 |  4.3
Armour         | |  2.7
Dodging        | |  2.5

Action                   || total
-------------------------++-------
Melee: Hand axe          ||    71
       Headbutt          ||    15
Armor: Leather armour    ||    26
Dodge: Dodged            ||    53

Table legend: (Time is in decaauts)
 A = Elapsed time spent in this place.
 B = Non-inter-level travel time spent in this place.
 C = Inter-level travel time spent in this place.
 D = Time resting spent in this place.
 E = Time spent auto-exploring this place.
 F = Levels seen in this place.
 G = Mean time per level.
                   A        B        C        D        E       F      G
               +--------+--------+--------+--------+--------+-----+--------+
         Total |    999 |    999 |      0 |      0 |    816 |   2 |  499.5 |
       Dungeon |    999 |    999 |      0 |      0 |    816 |   2 |  499.5 |
               +--------+--------+--------+--------+--------+-----+--------+

Top non-repeatable levels by time:
     D:1: 811 daAuts
     D:2: 187 daAuts
